 Dungeon Crawl Stone Soup version 0.30.0-29-ga12c61a403 (webtiles) character file.

Game seed: 15385264010547720606

685 qw the Chopper (level 7, -9/44 HPs)
             Began as a Gargoyle Fighter on June 2, 2023.
             Mangled by an ogre
             ... wielding a +0 giant spiked club
              (12 damage)
             ... on level 5 of the Dungeon.
             The game lasted 00:02:05 (4373 turns).

qw the Chopper (Gargoyle Fighter)                   Turns: 4373, Time: 00:02:05

Health: -9/44      AC: 15    Str: 22    XL:     7   Next: 62%
Magic:  7/7        EV:  8    Int:  8    God:
Gold:   129        SH:  4    Dex:  9    Spells: 6/6 levels left

rFire   + . .        Y - +0 war axe (freeze)
rCold   + . .        c - +0 buckler
rNeg    + . .        f - +0 chain mail
rPois   inf          (no helmet)
rElec   +            (no cloak)
rCorr   .            (no gloves)
SInv    .            g - +0 pair of boots
Will    .....        (no amulet) Stlth
                     m - ring of protection from cold
HPRegen 0.27/turn    r - ring of protection from fire
MPRegen 0.10/turn

%: no passive effects
@: about to teleport
A: sickness immunity, AC +4, negative energy resistance 1, electricity
resistance, torment resistance 1, petrification resistance
a: no special abilities


You were on level 5 of the Dungeon.
You visited 1 branch of the dungeon, and saw 5 of its levels.

You collected 129 gold pieces.


Innate Abilities, Weirdness & Mutations

You are immune to sickness and miasma.
Your stone body is resilient. (AC +4)
You are immune to poison.
You resist negative energy. (rN+)
You are resistant to electric shocks. (rElec)
You are resistant to unholy torment.
You are immune to petrification.


   Skills:
 + Level 4.3 Fighting
 - Level 7.0 Axes
 - Level 3.2 Armour
 - Level 1.0 Dodging
 - Level 3.2 Shields


You had 6 spell levels left.
You didn't know any spells.
Your spell library was empty.

Inventory:

Hand Weapons
 i - a +0 morningstar of protection
 Y - a +0 war axe of freezing (weapon)
Missiles
 q - 5 boomerangs (quivered)
Armour
 c - a +0 buckler (worn)
 f - a +0 chain mail (worn)
 g - a +0 pair of boots (worn)
Jewellery
 m - a ring of protection from cold (left hand)
 r - a ring of protection from fire (right hand)
Scrolls
 e - 5 scrolls of teleportation
 j - a scroll of identify
Potions
 b - a potion of mutation
 d - a potion of might
 h - a potion of lignification
 k - 2 potions of curing
 o - a potion of attraction
 p - 2 potions of haste

Dungeon Overview and Level Annotations

Branches:
Dungeon (5/15)
 Temple: D:4-7

Altars:
Nemelex Xobeh
The Shining One

Shops:
D:3 (

Annotations:
D:3 2 runed translucent doors


Message History

The adder bites you but does no damage. The orc priest barely misses you.
You miss the hound.
The hound is severely wounded.
You miss the adder.
You hit the orc priest but do no damage.
You block the hound's attack. The adder bites you.
The hound bites you but does no damage. The orc priest barely misses you.
The adder bites you but does no damage.
You hit the hound but do no damage.
The hound is severely wounded.
You slash the orc priest! You freeze the orc priest.
You kill the orc priest!
You closely miss the adder. The hound bites you but does no damage.
The adder barely misses you. The hound bites you but does no damage.
You barely miss the hound.
The hound is severely wounded.
You slash the adder!
The adder seems to slow down.
You freeze the adder. You block the hound's attack.
The adder barely misses you. You block the hound's attack.
You slash the adder! You freeze the adder.
You kill the adder!
You hit the hound but do no damage. You block the hound's attack.
The hound bites you but does no damage.
You closely miss the hound.
The hound is severely wounded.
You hit the ogre. You freeze the ogre. The ogre barely misses you.
The hound bites you.
You closely miss the hound.
The hound is severely wounded.
You barely miss the ogre. The hound bites you but does no damage.
The ogre hits you with a +0 giant spiked club!
The hound barely misses you.
4373 ||| READING 6 scrolls of teleportation.
As you read the scroll of teleportation, it crumbles to dust.
You feel strangely unstable. You block the hound's attack.
The hound bites you but does no damage.
The ogre hits you with a +0 giant spiked club!
You die...

#.....# #.#.####
#.###.###########.#.#
#.# #.............#<#
#.###################
#.)............. .
#..#####.####### ...
#).# ##.#########.)?.
#.)# #>......)h...!..
#..# #.#.#...@O.#
#... #.#.#.#%##.#
#...# #.#.#.#....#
....# #.#.#.##.......
#...# ..#.#.# .#####.
#.#.# ###.#.# .#
#.#.. .# #.# .# .#


You could see an ogre and a hound.

Vanquished Creatures
  Edmund (D:4)
  A black bear (D:5)
  3 orc priests
  A hound (D:2)
  Jessica (D:2)
  2 iguanas
  3 orc wizards
  Terence (D:2)
  3 gnolls (D:4)
  3 adders
  2 ufetubi (D:4)
  2 worms (D:3)
  A dart slug (D:2)
  13 orcs
  12 bats
  8 endoplasms
  2 giant cockroaches
  7 goblins
  3 hobgoblins
  9 jackals
  4 quokkas
  5 ball pythons
  2 frilled lizards (D:3)
  9 kobolds
  8 rats
106 creatures vanquished.

Notes
Turn   | Place    | Note
-------+----------+-------------------------------------------
     0 | D:1      | qw the Gargoyle Fighter began the quest for the Orb.
     0 | D:1      | Reached XP level 1. HP: 14/14 MP: 1/1
     0 | D:1      | 0 ||| qw: Version: 0.2-a-102-gdf20003
     0 | D:1      | 0 ||| qw: Game counter: 930
     0 | D:1      | 0 ||| qw: Always use a shield: true
     0 | D:1      | 0 ||| qw: God list: Okawaru
     0 | D:1      | 0 ||| qw: Allow faded altars: false
     0 | D:1      | 0 ||| qw: Do Orc after D:15 true
     0 | D:1      | 0 ||| qw: Do second Lair branch before Depths: true
     0 | D:1      | 0 ||| qw: Lair rune preference: random
     0 | D:1      | 0 ||| qw: Plans: Normal, Zot:1-4, Slime:5, God:TSO, Crypt,
                  | Tomb, Pan, Hells, Abyss, Win
     0 | D:1      | 0 ||| PLANNING D:1-11
     3 | D:1      | Noticed an electric eel
     4 | D:1      | Noticed an electric eel
    33 | D:1      | 33 ||| Stepping ~*~*~tactically~*~*~ (stealth).
    34 | D:1      | 34 ||| Stepping ~*~*~tactically~*~*~ (stealth).
    90 | D:1      | Reached skill level 2 in Axes
   148 | D:1      | Reached XP level 2. HP: 19/19 MP: 2/2
   734 | D:1      | Found a faded altar of an unknown god.
   824 | D:1      | Reached skill level 3 in Axes
   832 | D:1      | 832 ||| Stepping ~*~*~tactically~*~*~ (stealth).
   846 | D:1      | Reached XP level 3. HP: 22/23 MP: 3/3
   861 | D:1      | 861 ||| Stepping ~*~*~tactically~*~*~ (stealth).
  1035 | D:1      | 1035 ||| UPGRADING to +0 chain mail.
  1045 | D:1      | 1045 ||| DROPPING +0 scale mail.
  1046 | D:1      | 1046 ||| UPGRADING to +0 pair of boots.
  1051 | D:1      | 1051 ||| DROPPING orb of energy.
  1052 | D:1      | 1052 ||| DROPPING ring of wizardry.
  1053 | D:1      | 1053 ||| READING scroll labelled QUOTSE NALEXKA.
  1054 | D:1      | 1054 ||| READING scroll labelled POMPUL BA XEK.
  1058 | D:1      | 1058 ||| READING scroll labelled IGEXUNISIWK.
  1059 | D:1      | 1059 ||| READING scroll labelled ICLOAP VIUCLU.
  1139 | D:2      | 1139 ||| DROPPING +0 club.
  1228 | D:2      | Noticed Terence
  1237 | D:2      | Killed Terence
  1375 | D:2      | Noticed Jessica
  1376 | D:2      | 1376 ||| FLEEEEING.
  1377 | D:2      | 1377 ||| STAIRDANCE
  1393 | D:2      | Killed Jessica
  1394 | D:2      | Reached skill level 4 in Axes
  1394 | D:2      | Reached XP level 4. HP: 28/28 MP: 4/4
  1502 | D:2      | Found a sparkling altar of Nemelex Xobeh.
  1849 | D:2      | 1849 ||| Stepping ~*~*~tactically~*~*~ (stealth).
  1873 | D:2      | 1873 ||| Stepping ~*~*~tactically~*~*~ (stealth).
  1875 | D:2      | 1875 ||| Stepping ~*~*~tactically~*~*~ (stealth).
  1879 | D:2      | Reached XP level 5. HP: 32/32 MP: 5/5
  1881 | D:2      | 1881 ||| Stepping ~*~*~tactically~*~*~ (hiding).
  2067 | D:2      | 2067 ||| READING scroll labelled MIDWOBL QIDASABA.
  2168 | D:2      | 2168 ||| READING scroll labelled ARULER VAUMPUJUE.
  2169 | D:2      | 2169 ||| DRINKING 2 silvery potions.
  2170 | D:2      | 2170 ||| DRINKING 2 smoky brown potions.
  2171 | D:2      | 2171 ||| DRINKING 2 fuming ruby potions.
  2172 | D:2      | 2172 ||| DROPPING potion of flight.
  2194 | D:3      | 2194 ||| Stepping ~*~*~tactically~*~*~ (hiding).
  2350 | D:3      | Found a large runed translucent door.
  2351 | D:3      | Found a large runed translucent door.
  2591 | D:3      | Identified the +0 sling of the Girdle {flame, rElec rF+
                  | Will+ Stlth-}
  2791 | D:3      | 2791 ||| Stepping ~*~*~tactically~*~*~ (stealth).
  2819 | D:3      | 2819 ||| FLEEEEING.
  2820 | D:3      | 2820 ||| FLEEEEING.
  2821 | D:3      | 2821 ||| FLEEEEING.
  2822 | D:3      | 2822 ||| FLEEEEING.
  2823 | D:3      | 2823 ||| FLEEEEING.
  2833 | D:3      | 2833 ||| Stepping ~*~*~tactically~*~*~ (stealth).
  2871 | D:3      | Found Fefoziac's Antique Weapon Shop.
  2872 | D:3      | 2872 ||| Stepping ~*~*~tactically~*~*~ (stealth).
  3115 | D:3      | 3115 ||| UPGRADING to ring of protection from cold.
  3116 | D:3      | 3116 ||| READING scroll labelled ZIAHORCH ZEZA.
  3117 | D:3      | 3117 ||| DRINKING 2 sedimented coppery potions.
  3156 | D:3      | 3156 ||| DRINKING 2 lumpy purple potions.
  3157 | D:3      | 3157 ||| DRINKING 2 pink potions.
  3158 | D:3      | 3158 ||| READING 2 scrolls of identify.
  3158 | D:3      | 3158 ||| IDENTIFYING smoky yellow potion
  3159 | D:3      | 3159 ||| DROPPING potion of degeneration.
  3181 | D:4      | 3181 ||| STAIRDANCE
  3185 | D:3      | Reached skill level 5 in Axes
  3254 | D:4      | 3254 ||| FLEEEEING.
  3255 | D:4      | 3255 ||| FLEEEEING.
  3256 | D:4      | 3256 ||| FLEEEEING.
  3257 | D:4      | 3257 ||| FLEEEEING.
  3258 | D:4      | 3258 ||| FLEEEEING.
  3259 | D:4      | 3259 ||| FLEEEEING.
  3261 | D:4      | 3261 ||| STAIRDANCE
  3310 | D:4      | 3310 ||| STAIRDANCE
  3354 | D:3      | 3354 ||| DROPPING +0 flail.
  3398 | D:4      | 3398 ||| Stepping ~*~*~tactically~*~*~ (hiding).
  3400 | D:4      | 3400 ||| Stepping ~*~*~tactically~*~*~ (hiding).
  3401 | D:4      | 3401 ||| Stepping ~*~*~tactically~*~*~ (hiding).
  3424 | D:4      | 3424 ||| Stepping ~*~*~tactically~*~*~ (stealth).
  3429 | D:4      | Reached XP level 6. HP: 38/38 MP: 6/6
  3565 | D:4      | 3565 ||| Stepping ~*~*~tactically~*~*~ (hiding).
  3610 | D:4      | Noticed Edmund
  3630 | D:4      | Killed Edmund
  3631 | D:4      | Reached skill level 6 in Axes
  3721 | D:4      | 3721 ||| Stepping ~*~*~tactically~*~*~ (stealth).
  3735 | D:4      | 3735 ||| Stepping ~*~*~tactically~*~*~ (stealth).
  3805 | D:4      | Found a glowing golden altar of the Shining One.
  3807 | D:4      | 3807 ||| Stepping ~*~*~tactically~*~*~ (stealth).
  3859 | D:4      | 3859 ||| Stepping ~*~*~tactically~*~*~ (stealth).
  3875 | D:4      | Reached XP level 7. HP: 37/43 MP: 7/7
  3887 | D:4      | Reached skill level 1 in Dodging
  4175 | D:4      | 4175 ||| UPGRADING to ring of protection from fire.
  4176 | D:4      | 4176 ||| READING scroll labelled JOF AT BAIRRI.
  4177 | D:4      | 4177 ||| READING scroll labelled JOUCLUNTOA.
  4178 | D:4      | 4178 ||| READING 2 scrolls of identify.
  4178 | D:4      | 4178 ||| IDENTIFYING murky puce potion
  4179 | D:4      | 4179 ||| DROPPING potion of magic.
  4200 | D:5      | Entered Level 5 of the Dungeon
  4353 | D:5      | 4353 ||| Stepping ~*~*~tactically~*~*~ (stealth).
  4365 | D:5      | Reached skill level 7 in Axes
  4372 | D:5      | HP: 2/44 [ogre/+0 giant spiked club (10)]
  4373 | D:5      | 4373 ||| READING 6 scrolls of teleportation.
  4373 | D:5      | Mangled by an ogre

Levels and vault maps discovered:
D:1:      arrival_aquarium_b, layout_basic, basic_ecumenical_altar,
          minmay_pentomino_o4
D:2:      kb_forest_paths, layout_basic, basic_altar, uniq_jessica, uniq_terence
D:3:      layout_basic, jmf_multi_god_temple2, serial_shops, shop,
          amcnicky_mini_pool_small, minmay_misc_feat_secret_circle,
          minmay_increasing_density
D:4:      layout_loops_cross, nicolae_overflow_crystal_walls, uniq_edmund
D:5:      wander_guarded_unrand_ratskin, layout_basic, serial_glass,
          glass_columns_c, glass_columns_a

Skill      XL: |  1  2  3  4  5  6  7 |
---------------+----------------------+-----
Axes           | 2 3 4 5 6 7 |  7.0
Fighting       | 4 |  4.3
Dodging        | 1 |  1.0
Armour         | |  3.2
Shields        | |  3.2

Action                     |  1- 3 |  4- 6 |  7- 9 || total
---------------------------+-------+-------+-------++-------
  Melee: War axe           |    84 |   186 |    41 ||   311
  Throw: Boomerang         |       |       |     4 ||     4
    Use: Scroll            |     4 |     4 |     4 ||    12
         Potion            |       |     6 |       ||     6
 Armour: Scale mail        |    27 |       |       ||    27
         Chain mail        |    17 |   136 |    52 ||   205
  Dodge: Dodged            |    38 |    91 |    24 ||   153
  Block: Buckler           |    22 |    49 |    16 ||    87

Table legend:
 A = Non-vault XP
 B = Vault XP
 C = Vault XP percentage of total XP
 D = Non-vault monster count
 E = Vault monster count
 F = Vault count percentage of total count
                 A         B        C        D         E       F
            +---------+---------+-------+---------+---------+-------
      Total |     720 |     259 |  26.5 |      90 |      16 |  15.1
            +---------+---------+-------+---------+---------+-------
        D:1 |      33 |       3 |   8.3 |      23 |       2 |   8.0
        D:2 |      55 |      82 |  59.9 |       9 |       8 |  47.1
        D:3 |     114 |      10 |   8.1 |      23 |       5 |  17.9
        D:4 |     199 |     164 |  45.2 |      24 |       1 |   4.0
        D:5 |     319 |       0 |   0.0 |      11 |       0 |   0.0
            +---------+---------+-------+---------+---------+-------
